 Dungeon Crawl Stone Soup version 0.23.2-11-gf996548 (webtiles) character file.

Game seed: 10378539833283075896

22113 Fang the Fighter (level 12, -2/81 HPs)
             Began as a Gargoyle Berserker on June 5, 2019.
             Was a High Priest of Trog.
             Slain by a seven-headed hydra (9 damage)
             ... on level 3 of the Lair of Beasts.
             The game lasted 00:16:28 (13177 turns).

Fang the Fighter (Gargoyle Berserker)              Turns: 13177, Time: 00:16:28

Health: -2/81      AC: 35    Str: 26    XL:     12   Next: 97%
Magic:  12/12      EV: 11    Int:  8    God:    Trog [*****.]
Gold:   1112       SH:  0    Dex:  9    Spells: 11/11 levels left

rFire    . . .     SeeInvis .   a - +3 war axe (chop)
rCold    . . .     Gourm    .   (no shield)
rNeg     + . .     Faith    .   b - +5 plate armour {ponderous}
rPois    ∞         Spirit   .   (no helmet)
rElec    +         Reflect  .   e - +1 cloak {MR+}
rCorr    .         Harm     .   z - +2 pair of gloves
MR       ++...                  (no boots)
Stlth    ..........             B - amulet of regeneration
HPRegen  0.63/turn              (no ring)
MPRegen  0.13/turn              k - ring of protection from magic

@: about to teleport, marked, slow
A: negative energy resistance 1, electricity resistance, unbreathing,
petrification resistance, rot immunity, AC +8
a: Berserk, Trog's Hand, Brothers in Arms, Renounce Religion


You were on level 3 of the Lair of Beasts.
You worshipped Trog.
Trog was extremely pleased with you.
You were very hungry.

You visited 3 branches of the dungeon, and saw 17 of its levels.

You collected 1112 gold pieces.

Inventory:

Hand Weapons
 a - a +3 war axe of chopping (weapon)
 C - a +1 battleaxe of venom
Armour
 b - a +5 plate armour of ponderousness (worn)
 e - a +1 cloak of magic resistance (worn)
 z - a +2 pair of gloves (worn)
 E - a scarf of cloud immunity
Jewellery
 k - a ring of protection from magic (right hand)
 B - an amulet of regeneration (around neck)
Wands
 d - a wand of disintegration (24)
 q - a wand of flame (1)
 t - a wand of paralysis (12)
 v - a wand of iceblast (9)
 y - a wand of acid (6)
 A - a wand of random effects (33)
 D - a wand of digging (6)
Scrolls
 h - 2 scrolls of fog
 j - 8 scrolls of teleportation
 l - 8 scrolls of identify
 m - 12 scrolls of remove curse
 p - a scroll of fear
 s - 3 scrolls of magic mapping
Potions
 f - 7 potions of curing
 g - 2 potions of ambrosia
 i - a potion of magic {unknown}
 n - a potion of agility
 o - a potion of haste
 r - 2 potions of flight
 u - 4 potions of berserk rage
 w - 4 potions of resistance
 x - 2 potions of might
 G - a potion of mutation
Comestibles
 c - 32 rations


   Skills:
 + Level 12.0 Fighting
 + Level 10.2 Axes
 + Level 11.7 Armour
 + Level 9.2 Dodging


You had 11 spell levels left.
You didn't know any spells.
Your spell library was empty.

Dungeon Overview and Level Annotations

Branches:
Dungeon (13/15)            Temple (1/1) D:4            Lair (3/6) D:10
  Swamp (0/4) Lair:2          Orc (0/2) D:11
  Snake: Lair:2-4    Spider: Lair:2-4    Vaults: D:13-14

Altars:
Gozag
Makhleb
Nemelex Xobeh
Qazlal
Uskayaw
Vehumet
Yredelemnul
Zin

Annotations:
D:5 1 runed translucent door, Temamet's ghost, novice DDFi
D:10 1 runed translucent door, TalonFearstriker's ghost, novice DECj


Innate Abilities, Weirdness & Mutations

You are resistant to torment.
Your stone body is resilient. (AC +8)
You are immune to poison.
You resist negative energy. (rN+)
You are resistant to electric shocks. (rElec)
You can survive without breathing.
You are immune to petrification.
You are immune to rotting.


Message History

The seven-headed hydra bites you.
* * * LOW HITPOINT WARNING * * *
The seven-headed hydra bites you!
* * * LOW HITPOINT WARNING * * *
The seven-headed hydra completely misses you.
The seven-headed hydra bites you.
* * * LOW HITPOINT WARNING * * *
Okay, then.
You feel better. The wolf closely misses you.
The wolf bites you but does no damage. The nine-headed hydra bites you!
* * * LOW HITPOINT WARNING * * *
The nine-headed hydra barely misses you.
The nine-headed hydra bites you.
* * * LOW HITPOINT WARNING * * *
The nine-headed hydra bites you but does no damage.
The nine-headed hydra misses you.
The nine-headed hydra closely misses you.
The nine-headed hydra bites you but does no damage. x3
The seven-headed hydra bites you!
You die...

#........
.###.......#....
...............##
................#
....P...#.......#
#P.?.$F.........###
......s #)......##
....FsD## #..<..#.##
..#lh@######......#
......#DtP##.........#
....#.P...............
...P..F...............
[..........####...#...
.........## ###....
.......### ..#P
..P...## ## ......


You could see a nine-headed hydra, a seven-headed hydra, 3 blink frogs, a
crocodile, a wyvern, a redback, a wolf and a scorpion.

Vanquished Creatures
  Erolcha (D:13)
  A hydra (Lair:2)
  A centaur warrior (D:13)
  2 two-headed ogres
  3 unseen horrors
  A deep elf mage (D:12)
  2 ugly things
  Joseph (D:9)
  2 black mambas
  Psyche (D:9)
  2 spiny frogs
  A rime drake (Lair:1)
  An efreet (D:13)
  A troll (D:13)
  5 blink frogs
  5 slime creatures
  2 hippogriffs
  A fire elemental (D:13)
  A vampire (D:12)
  5 yaks (D:13)
  A wyvern (D:8)
  A human (D:11)
  3 hungry ghosts
  2 wargs (D:11)
  3 vampire mosquitoes (Lair:2)
  A soldier ant (D:13)
  An acid dragon (D:12)
  8 water moccasins
  6 porcupines
  5 orc warriors
  3 ice beasts
  A sky beast (D:8)
  5 black bears
  A phantom (D:12)
  An eye of draining (D:13)
  7 ogres
  A necrophage (D:9)
  2 wolves (Lair:3)
  6 centaurs
  4 crocodiles
  2 big kobolds
  18 bullfrogs
  5 scorpions
  A spriggan skeleton (D:10)
  4 killer bees (D:9)
  A howler monkey (D:5)
  7 crimson imps
  2 bullfrog zombies
  2 bullfrog skeletons
  Crazy Yiuf (D:7)
  6 jellies
  8 orc priests
  4 hounds
  6 centaur skeletons
  6 iguanas
  4 worker ants
  Natasha (thrice) (D:3)
  13 orc wizards
  A hound skeleton (D:3)
  7 gnolls
  7 adders
  5 oozes (D:11)
  An adder zombie (D:5)
  An adder skeleton (D:6)
  A worm (D:3)
  3 dart slugs
  7 leopard geckos
  53 orcs
  2 ball pythons (D:1)
  3 giant cockroaches
  7 goblins
  7 hobgoblins
  5 quokkas
  10 bats
  9 frilled lizards
  13 kobolds
  2 quokka skeletons
  8 rats
  2 fungi
  A plant (Lair:2)
349 creatures vanquished.

Vanquished Creatures (others)
  2 fungi (Lair:2)
  4 toadstools (D:5)
  2 withered plants (D:10)
8 creatures vanquished.

Grand Total: 357 creatures vanquished

Notes
Turn   | Place    | Note
-------+----------+-------------------------------------------
     0 | D:1      | Fang the Gargoyle Berserker began the quest for the Orb.
     0 | D:1      | Reached XP level 1. HP: 14/14 MP: 1/1
    83 | D:1      | Reached XP level 2. HP: 18/19 MP: 2/2
   327 | D:1      | Reached XP level 3. HP: 20/23 MP: 3/3
   571 | D:1      | Reached ** piety under Trog
   886 | D:2      | Found a stormy altar of Qazlal.
   895 | D:2      | Reached XP level 4. HP: 27/29 MP: 4/4
  1174 | D:2      | Found a faded altar of an unknown god.
  1334 | D:3      | Reached skill level 4 in Fighting
  1392 | D:3      | Reached XP level 5. HP: 33/33 MP: 5/5
  1513 | D:3      | Noticed Natasha
  1538 | D:3      | Killed Natasha
  1747 | D:3      | Noticed Natasha
  1766 | D:3      | Killed Natasha
  1806 | D:3      | Noticed Natasha
  1814 | D:3      | Killed Natasha
  1820 | D:3      | Reached XP level 6. HP: 31/39 MP: 6/6
  1909 | D:4      | Reached *** piety under Trog
  2081 | D:4      | Found a staircase to the Ecumenical Temple.
  2104 | Temple   | Entered the Ecumenical Temple
  2406 | D:4      | Found a sparkling altar of Nemelex Xobeh.
  2448 | D:5      | Entered Level 5 of the Dungeon
  2567 | D:5      | Reached skill level 5 in Fighting
  2583 | D:5      | Reached XP level 7. HP: 19/44 MP: 7/7
  3029 | D:5      | Found a runed translucent door.
  3030 | D:5      | Noticed Temamet's ghost (novice DDFi)
  3130 | D:5      | Reached skill level 5 in Armour
  3199 | D:5      | Reached **** piety under Trog
  3199 | D:5      | Reached XP level 8. HP: 30/51 MP: 8/8
  3314 | D:5      | Reached skill level 6 in Fighting
  3445 | D:6      | Reached skill level 5 in Axes
  4599 | D:6      | Found a glowing silver altar of Zin.
  4979 | D:6      | Reached XP level 9. HP: 56/56 MP: 9/9
  5077 | D:7      | Reached skill level 7 in Fighting
  5206 | D:7      | Reached skill level 5 in Dodging
  5358 | D:7      | Found a runed translucent door.
  5359 | D:7      | Noticed Crazy Yiuf
  5581 | D:7      | Found a basalt altar of Yredelemnul.
  5862 | D:7      | Killed Crazy Yiuf
  5940 | D:8      | Noticed a two-headed ogre
  5953 | D:8      | Killed a two-headed ogre
  5976 | D:8      | Reached skill level 8 in Fighting
  6122 | D:8      | Received a gift from Trog
  6665 | D:9      | Noticed Joseph
  6688 | D:9      | Killed Joseph
  6688 | D:9      | Reached XP level 10. HP: 52/65 MP: 10/10
  6758 | D:9      | Noticed Psyche
  6825 | D:9      | Killed Psyche
  7181 | D:9      | Found a stormy altar of Qazlal.
  7183 | D:9      | Found a hide-covered altar of Uskayaw.
  7325 | D:9      | Reached skill level 9 in Fighting
  7403 | D:9      | Found a radiant altar of Vehumet.
  7404 | D:9      | Found a burning altar of Makhleb.
  7463 | D:9      | Reached ***** piety under Trog
  7690 | D:10     | Entered Level 10 of the Dungeon
  7869 | D:10     | Found a runed translucent door.
  7870 | D:10     | Noticed TalonFearstriker's ghost (novice DECj)
  8136 | D:10     | Killed an unseen horror
  8285 | D:10     | Killed an unseen horror
  8285 | D:10     | Reached XP level 11. HP: 47/72 MP: 11/11
  8334 | D:10     | Found a staircase to the Lair.
  8834 | D:11     | Found a staircase to the Orcish Mines.
  9222 | D:11     | Reached skill level 10 in Fighting
  9608 | D:12     | Received a gift from Trog
  9692 | D:12     | Noticed a deep elf mage
  9694 | D:12     | Noticed a brown ugly thing
  9733 | D:12     | HP: 3/72 [tarantella[a deep elf mage] (4)]
  9748 | D:12     | Killed a deep elf mage
  9748 | D:12     | Killed a brown ugly thing
  9748 | D:12     | Reached skill level 10 in Armour
 10402 | D:12     | You fall through a shaft!
 10437 | D:13     | Found a frozen archway.
 10462 | D:13     | Noticed a two-headed ogre
 10463 | D:13     | Noticed a centaur warrior
 10471 | D:13     | Killed a centaur warrior
 10472 | D:13     | Killed a two-headed ogre
 10529 | D:13     | Reached XP level 12. HP: 53/79 MP: 7/12
 10717 | D:13     | Reached skill level 11 in Fighting
 10943 | D:13     | Noticed Erolcha
 10959 | D:13     | Killed Erolcha
 11452 | Lair:1   | Entered Level 1 of the Lair of Beasts
 12141 | Lair:2   | Noticed a seven-headed hydra
 12157 | Lair:2   | Killed a 16-headed hydra
 12389 | Lair:2   | Reached skill level 10 in Axes
 12443 | Lair:2   | Found a staircase to the Swamp.
 13162 | Lair:3   | Noticed a four-headed hydra
 13169 | Lair:3   | Noticed a seven-headed hydra
 13172 | Lair:3   | Reached skill level 12 in Fighting
 13177 | Lair:3   | Slain by a seven-headed hydra

Skill      XL: |  1  2  3  4  5  6  7  8  9 10 11 12 |
---------------+-------------------------------------+-----
Axes           | 3 4 5 7 8 9 10 | 10.2
Dodging        | 2 3 4 6 7 8 9 |  9.2
Armour         | 3 4 5 6 8 9 10 11 | 11.7
Fighting       | 4 5 6 8 9 10 12 | 12.0

Action                   |  1- 3 |  4- 6 |  7- 9 | 10-12 || total
-------------------------+-------+-------+-------+-------++-------
Melee: Hand axe          |   107 |   175 |       |       ||   282
       War axe           |       |    55 |   335 |   802 ||  1192
Invok: Berserk           |       |     3 |     6 |     7 ||    16
  Use: Scroll            |       |       |    23 |    10 ||    33
       Potion            |       |       |       |     2 ||     2
  Eat: Chunk             |       |     9 |    14 |    27 ||    50
       Ration            |       |       |     1 |     4 ||     5
Armor: Animal skin       |    16 |       |       |       ||    16
       Chain mail        |    42 |     3 |       |       ||    45
       Plate armour      |       |   183 |   254 |   870 ||  1307
Dodge: Dodged            |    58 |    88 |   140 |   498 ||   784
